 Dungeon Crawl Stone Soup version 0.26-a0-660-gc07710193c (console) character file.

Game seed: 3805062942253638335

51516 om the Protected (level 14, -2/181 HPs)
             Began as a Minotaur Fighter on Oct 7, 2020.
             Was an Initiate of Gozag.
             Slain by a soul eater (20 damage)
             ... summoned by an orc high priest
             ... on level 2 of the Orcish Mines.
             The game lasted 00:43:41 (25251 turns).

om the Protected (Minotaur Fighter)                Turns: 25251, Time: 00:43:42

Health: -2/181     AC:  7    Str: 21    XL:     14   Next: 23%
Magic:  13/13      EV: 12    Int: 12    God:    Gozag
Gold:   1573       SH: 17    Dex: 12    Spells: 13/13 levels left

rFire    + . .     SeeInvis .   a - +1 war axe (elec)
rCold    . . .     Faith    .   c - +0 kite shield
rNeg     . . .     Spirit   .   u - +0 chain mail
rPois    .         Reflect  +   (helmet restricted)
rElec    .         Harm     +   U - +0 cloak
rCorr    .         Rampage  .   N - +0 pair of gloves (curse)
MR       ++++.                  R - +1 pair of boots "Sawouma" {Harm rF- Int+7 Slay+2}
Stlth    ..........             w - amulet "Ydiy" {Reflect MR+++ Str-3 SH+5}
HPRegen  0.40/turn              v - ring of protection from fire
MPRegen  0.13/turn              Q - ring of protection from fire

@: berserking, corroded, stab, very slightly contaminated, studying Necromancy,
invisible, very quick
A: retaliatory headbutt, horns 2
a: Potion Petition, Call Merchant, Bribe Branch, Renounce Religion


You were on level 2 of the Orcish Mines.
You worshipped Gozag.
Gozag was most pleased with you.
You visited 3 branches of the dungeon, and saw 16 of its levels.

You collected 4582 gold pieces.
You spent 486 gold pieces at shops.
You paid 2523 gold pieces to Gozag.

Inventory:

Hand Weapons
 a - a +1 war axe of electrocution (weapon)
 b - a +2 hand crossbow of flaming
 E - a +2 war axe of draining
Missiles
 J - 29 bolts
Armour
 c - a +0 kite shield (worn)
 u - a +0 chain mail (worn)
 N - a cursed +0 pair of gloves (worn)
 R - the +1 pair of boots "Sawouma" (worn) {Harm rF- Int+7 Slay+2}
   (You found it on level 13 of the Dungeon)

   It affects your intelligence (+7).
   It affects your accuracy and damage with ranged weapons and melee attacks
   (+2).
   It makes you vulnerable to fire.
   It increases damage dealt and taken.
 U - a +0 cloak (worn)
Jewellery
 e - an uncursed ring of flight
 v - a ring of protection from fire (left hand)
 w - the amulet "Ydiy" (around neck) {Reflect MR+++ Str-3 SH+5}
   (You found it on level 4 of the Dungeon)

   [amulet of reflection]

   It shields you and reflects attacks.
   It affects your strength (-3).
   It affects your resistance to hostile enchantments.
   It affects your SH (+5).
 z - an uncursed ring of protection from magic
 B - a +6 ring of strength
 K - a +6 ring of intelligence
 Q - a ring of protection from fire (right hand)
Wands
 o - a wand of iceblast (19)
 y - a wand of disintegration (32)
 A - a wand of random effects (50)
 O - a wand of polymorph (5)
Scrolls
 f - 10 scrolls of remove curse
 g - 4 scrolls of fog {unknown}
 i - 2 scrolls of enchant armour {unknown}
 k - 13 scrolls of teleportation
 p - 7 scrolls of magic mapping
 q - 2 scrolls of fear {unknown}
 s - 3 scrolls of noise {unknown}
 F - a scroll of silence
 I - a scroll of holy word {unknown}
 L - a scroll of brand weapon
 P - 3 scrolls of enchant weapon {unknown}
Potions
 d - 5 potions of might
 h - 2 potions of invisibility
 j - 3 potions of haste
 l - 7 potions of curing
 m - 4 potions of stabbing
 n - 5 potions of brilliance
 r - 2 potions of lignification
 x - 2 potions of cancellation {unknown}
 C - a potion of flight {unknown}
 D - a potion of magic {unknown}
 T - a potion of ambrosia {unknown}
Books
 S - a manual of Necromancy


   Skills:
 - Level 10.0 Fighting
 - Level 14.0 Axes
 * Level 10.2 Crossbows
 + Level 14.1 Armour
 - Level 10.0 Dodging
 - Level 10.0 Shields
 - Level 8.0 Evocations


You had 13 spell levels left.
You didn't know any spells.
Your spell library contained the following spells:

 Spells                   Type           Power        Failure   Level
 Animate Skeleton         Necr           #.....       97%         1
 Corona                   Hex            #......      97%         1
 Freeze                   Ice            #...         97%         1
 Pain                     Necr           #...         97%         1
 Shock                    Conj/Air       #...         97%         1
 Ensorcelled Hibernation  Hex/Ice        #.....       99%         2
 Poisonous Vapours        Pois/Air       #.....       99%         2
 Swiftness                Air            #.......     99%         2
 Confusing Touch          Hex            #.......     100%        3
 Conjure Flame            Conj/Fire      #.......     100%        3
 Dazzling Flash           Conj/Hex       #.....       100%        3
 Frozen Ramparts          Ice            #.....       100%        3
 Mephitic Cloud           Conj/Pois/Air  #.......     100%        3
 Ozocubu's Armour         Ice            #.......     100%        3
 Static Discharge         Conj/Air       #.......     100%        3
 Tukima's Dance           Hex            #.......     100%        3
 Vampiric Draining        Necr           #.........   100%        3
 Airstrike                Air            #.........   100%        4
 Animate Dead             Necr           #.........   100%        4
 Hailstorm                Conj/Ice       #.......     100%        4
 Summon Ice Beast         Ice/Summ       #.......     100%        4
 Agony                    Necr           #.......     100%        5
 Lightning Bolt           Conj/Air       #.........   100%        5
 Freezing Cloud           Conj/Ice/Air   #.........   100%        6


Dungeon Overview and Level Annotations

Branches:
Dungeon (13/15)            Temple (1/1) D:5            Lair (0/6) D:10
    Orc (2/2) D:11            Elf (0/3) Orc:2
 Vaults: D:13-14

Altars:
Ashenzari
Cheibriados
Dithmenos
Elyvilon
Fedhas
Gozag
Hepliaklqana
Kikubaaqudgha
Makhleb
Nemelex Xobeh
Okawaru
Qazlal
Ru
Sif Muna
Trog
Uskayaw
Vehumet
Wu Jian
Xom
Yredelemnul
Zin
The Shining One
Beogh

Shops:
D:6 =   D:11 (   Orc:2 !*[

Annotations:
D:11 exclusion: ice statue
D:13 1 runed translucent door, Gamer54's ghost, journeyman DrAE


Innate Abilities, Weirdness & Mutations

You reflexively headbutt those who attack you in melee.
You have a pair of horns on your head.


Message History

The ynoxinul gestures at you. The iron shot hits you!
* * * LOW HITPOINT WARNING * * *
The ufetubus misses you. You block the ufetubus's attack.
You block the rust devil's attack.
The orc warrior hits you with a +0 war axe!
* * * LOW HITPOINT WARNING * * *
You hit the orc high priest but do no damage.
The orc high priest is severely wounded.
You closely miss the ynoxinul.
The helpless ufetubus fails to defend itself.
You slash the ufetubus! Lightning courses through the ufetubus!
You kill the ufetubus!
The helpless orc warrior fails to defend itself.
You hit the orc warrior but do no damage.
Lightning courses through the orc warrior!
You hit the rust devil but do no damage.
You hit the soul eater but do no damage.
You block the orc high priest's attack. The soul eater hits you!
You die...
Your body crumbles into a pile of gold.

....'..#...#......##...##
.####..#.........##.....##
....####........##...8...##
###.####.8...8...8.......8#
..#....$............._....#
.$'.####.8..$8...8.......8#
$.#.####........##...8...##
###.#.$#.........##.....##
....'..#...#......##...##
....#..##..##..$.$######
....#####...#..3@o#
.......##...##5o34.#
$#####.##... #.....#
..#.$#.# ##.....# $.#..'.#
##...... ###..### ##......
#### #...... ##.# #.....
###.## ....# #..##


You could see a soul eater (summoned), an orc high priest, a rust devil
(summoned), a ynoxinul (summoned), an orc warrior and an ufetubus (summoned).

Vanquished Creatures
  Rupert (D:12)
  Frances (D:12)
  3 orc warlords
  A very ugly thing (D:13)
  2 hydras
  2 centaur warriors (D:13)
  10 two-headed ogres
  2 orc high priests (Orc:2)
  5 skeletal warriors (D:11)
  2 wizards (D:13)
  An unseen horror (D:13)
  A death drake (Orc:2)
  4 orc knights (Orc:2)
  A necromancer (D:11)
  3 orc sorcerers (Orc:2)
  7 ugly things
  2 cyclopes
  The ghost of MrDNA the Covert, a novice OpGl of Fedhas (D:5)
  A gargoyle (D:12)
  2 trolls
  14 slime creatures
  3 shadows
  6 wyverns
  14 yaks
  A basilisk (D:10)
  2 steam dragons
  An acid dragon (D:13)
  A naga (shapeshifter) (D:13)
  2 soldier ants (D:10)
  4 water moccasins (D:10)
  A two-headed ogre zombie (D:11)
  2 ice beasts
  41 orc warriors
  4 sky beasts
  3 black bears
  3 phantoms
  15 ogres
  8 centaurs
  A big kobold (D:13)
  9 bullfrogs
  3 gnoll sergeants
  A wyvern skeleton (D:13)
  4 scorpions
  A troll zombie (D:11)
  27 killer bees
  8 wights
  A howler monkey (D:5)
  3 quasits
  A bullfrog zombie (D:12)
  6 hounds
  35 orc priests
  Crazy Yiuf (D:3)
  3 gnoll shamans
  A jelly (D:7)
  33 orc wizards
  3 bullfrog skeletons
  4 centaur skeletons
  2 iguanas
  3 worker ants
  Natasha (thrice) (D:4)
  A polar bear simulacrum (D:11)
  6 yak simulacra (D:11)
  6 ogre zombies (D:11)
  A worker ant zombie (D:10)
  11 adders
  23 gnolls
  A shadow imp (D:7)
  2 ufetubi
  An adder zombie (D:7)
  An adder skeleton (D:4)
  4 worms
  5 dart slugs
  A leopard gecko (D:4)
  119 orcs
  A ball python (D:3)
  7 giant cockroaches
  2 goblins (D:2)
  5 hobgoblins
  9 jackals
  7 quokkas
  A ball python skeleton (D:4)
  5 bats
  3 frilled lizards
  A goblin skeleton (D:11)
  2 goblin zombies (D:11)
  4 hobgoblin skeletons (D:11)
  A hobgoblin zombie (D:11)
  A jackal skeleton (D:8)
  14 kobolds
  A leopard gecko skeleton (D:4)
  2 orc skeletons (D:11)
  15 orc zombies (D:11)
  6 rats
  2 rat zombies (D:9)
  4 river rat simulacra (D:11)
  A spectral orc (D:3)
606 creatures vanquished.

Vanquished Creatures (others)
  An orc (Orc:2)
  A bush (D:10)
  5 fungi
  38 plants
45 creatures vanquished.

Grand Total: 651 creatures vanquished

Notes
Turn   | Place    | Note
-------+----------+-------------------------------------------
     0 | D:1      | om the Minotaur Fighter began the quest for the Orb.
     0 | D:1      | Reached XP level 1. HP: 19/19 MP: 0/0
   313 | D:1      | Reached XP level 2. HP: 27/27 MP: 1/1
   421 | D:1      | Reached skill level 1 in Dodging
   775 | D:2      | Reached XP level 3. HP: 31/33 MP: 2/2
   812 | D:2      | Found a snail-covered altar of Cheibriados.
  1555 | D:3      | Reached XP level 4. HP: 39/40 MP: 3/3
  1653 | D:3      | Found a basalt altar of Yredelemnul.
  2503 | D:3      | Found a runed translucent door.
  2504 | D:3      | Noticed Crazy Yiuf
  2616 | D:4      | Reached XP level 5. HP: 45/46 MP: 4/4
  2964 | D:4      | Noticed a phantom
  2978 | D:4      | Killed a phantom
  2978 | D:4      | Reached skill level 5 in Axes
  2978 | D:4      | Reached XP level 6. HP: 34/52 MP: 5/5
  3217 | D:4      | Noticed Natasha
  3220 | D:4      | Killed Natasha
  3220 | D:4      | Reached skill level 1 in Evocations
  3235 | D:4      | Found a glowing golden altar of the Shining One.
  3466 | D:4      | Got a smoking ivory amulet
  3583 | D:4      | Noticed Natasha
  3596 | D:4      | Killed Natasha
  3797 | D:4      | Noticed Natasha
  3810 | D:4      | Killed Natasha
  3810 | D:4      | Reached skill level 5 in Fighting
  3810 | D:4      | Reached XP level 7. HP: 36/61 MP: 6/6
  3972 | D:5      | Entered Level 5 of the Dungeon
  4147 | D:5      | Identified the amulet "Ydiy" {Reflect MR+++ Str-3 SH+5}
                  | (You found it on level 4 of the Dungeon)
  4165 | D:5      | Found a sparkling altar of Nemelex Xobeh.
  4173 | D:5      | Got a jet-encrusted ring mail
  4245 | D:5      | Found a transporter.
  4252 | D:5      | Noticed MrDNA's ghost (novice OpGl)
  4259 | D:5      | Identified the cursed +0 kite shield of the Frog {Dex+5
                  | Stlth+}
  4290 | D:5      | Identified the cursed +0 ring mail "Igei" {rPois Regen+}
  4312 | D:5      | Found a staircase to the Ecumenical Temple.
  4318 | Temple   | Entered the Ecumenical Temple
  4522 | D:5      | Found an opulent altar of Gozag.
  4542 | D:5      | Found a stormy altar of Qazlal.
  4555 | D:5      | Became a worshipper of Gozag Ym Sagoz the Greedy
  4644 | D:5      | Found a transporter.
  4725 | D:5      | Found a sacrificial altar of Ru.
  4872 | D:6      | Found a bloodstained altar of Trog.
  5125 | D:6      | Identified the +1 ring mail "Gebb" {rElec rCorr Stlth+}
                  | (You found it on level 5 of the Dungeon)
  5603 | D:6      | Reached XP level 8. HP: 53/70 MP: 7/7
  5609 | D:6      | Found Extuugh's Jewellery Shoppe.
  6497 | D:7      | Reached skill level 10 in Axes
  6914 | D:7      | Reached skill level 5 in Armour
  7533 | D:7      | Found a shimmering blue altar of Sif Muna.
  7785 | D:8      | Reached XP level 9. HP: 71/75 MP: 8/8
  7831 | D:8      | Found a white marble altar of Elyvilon.
  8874 | D:9      | Found a hide-covered altar of Uskayaw.
  9000 | D:9      | Reached skill level 10 in Armour
  9166 | D:9      | Found a blossoming altar of Fedhas.
  9214 | D:9      | Reached XP level 10. HP: 62/90 MP: 9/9
  9520 | D:9      | Found an ancient bone altar of Kikubaaqudgha.
  9580 | D:10     | Entered Level 10 of the Dungeon
 10066 | D:10     | Noticed a two-headed ogre
 10069 | D:10     | Reached skill level 10 in Fighting
 10073 | D:10     | Killed a two-headed ogre
 10319 | D:10     | Got a fine silver amulet
 10564 | D:10     | Found a staircase to the Lair.
 10568 | D:10     | Reached skill level 5 in Shields
 10711 | D:10     | Identified the amulet "Jaefap" {Regen+ Int+3} (You found it
                  | on level 10 of the Dungeon)
 11308 | D:10     | Reached XP level 11. HP: 99/99 MP: 10/10
 11629 | D:11     | Found a staircase to the Orcish Mines.
 11927 | D:11     | Noticed a two-headed ogre
 11996 | D:10     | Killed a two-headed ogre
 11996 | D:10     | Reached skill level 5 in Evocations
 12551 | D:11     | Found a roughly hewn altar of Beogh.
 12585 | D:11     | Found the +8 demon trident "Rift" {distort, reach+}
 13170 | D:11     | Found a shadowy altar of Dithmenos.
 13319 | D:11     | Noticed a two-headed ogre
 13324 | D:11     | Killed a two-headed ogre
 13503 | D:11     | Noticed a skeletal warrior
 13504 | D:11     | Noticed a skeletal warrior
 13518 | D:11     | Killed a skeletal warrior
 13526 | D:11     | Killed a skeletal warrior
 13820 | D:11     | Noticed a skeletal warrior
 13851 | D:11     | Killed a skeletal warrior
 14088 | D:11     | Noticed a skeletal warrior
 14088 | D:11     | Noticed a skeletal warrior
 14127 | D:11     | Killed a skeletal warrior
 14130 | D:11     | Killed a skeletal warrior
 14169 | D:11     | Bought a runed hand crossbow for 208 gold pieces
 14595 | D:11     | Noticed a necromancer
 14606 | D:11     | Killed a necromancer
 14606 | D:11     | Reached XP level 12. HP: 84/106 MP: 11/11
 14844 | D:11     | Found a shadowy altar of Dithmenos.
 14882 | D:11     | Found Toruuj's Antique Weapon Shop.
 15278 | D:11     | Found a roughly hewn altar of Beogh.
 15383 | D:11     | Bought a runed war axe for 208 gold pieces
 15548 | D:12     | Noticed a seven-headed hydra
 15557 | D:12     | Killed a seven-headed hydra
 15804 | D:12     | Noticed a two-headed ogre
 15826 | D:12     | Killed a two-headed ogre
 16740 | D:12     | Reached skill level 10 in Dodging
 16957 | D:12     | Noticed Rupert
 16975 | D:12     | Killed Rupert
 17128 | D:12     | Noticed Frances
 17145 | D:12     | Killed Frances
 17402 | D:13     | Noticed a seven-headed hydra
 17411 | D:13     | Killed a seven-headed hydra
 18525 | D:13     | Reached XP level 13. HP: 98/113 MP: 12/12
 18825 | D:13     | Found a runed translucent door.
 18830 | D:13     | Got a pair of brightly glowing boots
 18836 | D:13     | Identified the +1 pair of boots "Sawouma" {Harm rF- Int+7
                  | Slay+2} (You found it on level 13 of the Dungeon)
 18863 | D:13     | Identified the +7 spear "Kokhil" {holy, *Rage rF+ rC+
                  | Str+4}
 18863 | D:13     | Noticed Gamer54's ghost (journeyman DrAE)
 19266 | D:13     | Reached skill level 10 in Shields
 19335 | D:13     | Reached skill level 1 in Crossbows
 19435 | D:13     | Noticed a white very ugly thing
 19572 | D:13     | Killed a white very ugly thing
 20321 | D:5      | Killed MrDNA's ghost
 20575 | D:3      | Killed Crazy Yiuf
 20796 | Orc:1    | Entered Level 1 of the Orcish Mines
 20997 | Orc:1    | Noticed an orc warlord
 21015 | Orc:1    | Reached skill level 5 in Crossbows
 21030 | Orc:1    | Killed an orc warlord
 21697 | Orc:2    | Entered Level 2 of the Orcish Mines
 22749 | Orc:2    | Found a staircase to the Elven Halls.
 22829 | Orc:2    | Noticed an orc warlord
 22830 | Orc:2    | Noticed Snorg
 22841 | Orc:2    | Noticed Snorg
 22841 | Orc:2    | Snorg changed into Snorg the death drake
 23160 | Orc:2    | Found a roughly hewn altar of Beogh.
 23373 | Orc:2    | Found Lumn's Distillery.
 23379 | Orc:2    | Reached XP level 14. HP: 106/121 MP: 13/13
 23383 | Orc:2    | Bought a potion of heal wounds for 70 gold pieces
 23433 | Orc:2    | Found Mipsugaxt's General Store.
 23433 | Orc:2    | Noticed an orc warlord
 23452 | Orc:2    | Killed an orc warlord
 23452 | Orc:2    | HP: 5/121 [orc knight/+1 bardiche (40)]
 23945 | Orc:2    | Killed Snorg the death drake
 24334 | Orc:2    | Killed an orc warlord
 24719 | Orc:2    | Found Ycuinkyo's Armour Shop.
 24731 | Orc:2    | Reached skill level 10 in Crossbows
 25208 | Orc:2    | Found a roughly hewn altar of Beogh.
 25249 | Orc:2    | HP: 4/121 [orc warrior/+0 war axe (16)]
 25251 | Orc:2    | Slain by a soul eater

Illustrated notes

Levels and vault maps discovered:
D:1:      saegor_arrival_simple_c, layout_loops_cross, minmay_liquid_box,
          st_stairs_10
D:2:      layout_loops_cross, overflow_temple_1_default, minmay_tiny_reverse_x
D:3:      layout_basic, yredelemnul_forgotten_temple_becter,
          uniq_crazy_yiuf_cottage
D:4:      layout_gridville, nicolae_overflow_crystal_walls, uniq_natasha
D:5:      layout_rooms, nemelex_xobeh_ov_fountains_minmay,
          grunt_qazlal_sundering, grunt_gozag_statues,
          nicolae_ru_sacrificial_ziggurat, minmay_temple_entry_enclosed_plants,
          gammafunk_ghost_gnarly_gnolls
D:6:      layout_gridville, overflow_temple_1_default, minivault_23,
          minmay_shop_enchanted_jewellery, hangedman_abyss_or_decor_lesser_grid,
          minmay_a_box_with_orc_wizards_in_it
D:7:      layout_layer_cave, tgw_sif, hex_tiny, abandoned_shop
D:8:      layout_basic, elyvilon_altar_5, serial_glass, glass_columns_c,
          glass_columns_a, item_on_display_a
D:9:      layout_cave_pools, lemuel_zombie_altar_kikubaaqudgha,
          lemuel_round_altar, lemuel_round_altar
D:10:     layout_long_grid, minmay_lair_entry_grove, hangedman_pestilent_swarm
D:11:     layout_roguey, zombieorc2_lemuel, special_room [special_room_orc],
          basic_altar, minivault_15, eino_house_with_fridge
D:12:     layout_loops_corners, uniq_rupert, uniq_frances
D:13:     cheibrodos_breeding_chamber, layout_loops_ring,
          ebering_ghost_funeral_grove
Temple:   jpeg_temple_island
Orc:1:    layout_caves
Orc:2:    pubby_orc_utopia, uniq_snorg

Skill      XL: |  1  2  3  4  5  6  7  8  9 10 11 12 13 14 |
---------------+-------------------------------------------+-----
Dodging        | 1 2 3 4 8 9 10 | 10.0
Fighting       | 4 5 6 8 10 | 10.0
Axes           | 3 4 5 6 7 10 11 13 14 | 14.0
Armour         | 4 6 10 11 13 14 | 14.1
Shields        | 4 6 7 9 10 | 10.0
Evocations     | 2 4 7 8 |  8.0
Crossbows      | 8 10 | 10.2

Action                   |  1- 3 |  4- 6 |  7- 9 | 10-12 | 13-15 || total
-------------------------+-------+-------+-------+-------+-------++-------
Melee: War axe           |   101 |   146 |   310 |   620 |   517 ||  1694
       Headbutt          |     9 |    23 |    52 |   155 |    97 ||   336
 Fire: Hand crossbow     |       |       |       |    12 |       ||    12
Invok: Potion Petition   |       |       |       |     2 |     4 ||     6
       Call Merchant     |       |       |       |     1 |       ||     1
Evoke: Wand              |       |       |       |     7 |     3 ||    10
  Use: Scroll            |       |       |    10 |     6 |     5 ||    21
       Potion            |       |       |       |     3 |     7 ||    10
 Stab: Distracted        |       |       |     1 |     4 |     2 ||     7
       Sleeping          |       |       |       |       |     2 ||     2
Armor: Scale mail        |    43 |    19 |       |       |       ||    62
       Chain mail        |       |    45 |   135 |   122 |    81 ||   383
       Skin              |       |       |       |    10 |       ||    10
Dodge: Dodged            |    33 |    45 |    73 |   146 |    82 ||   379
Block: Kite shield       |    44 |    63 |   258 |   444 |   302 ||  1111
       Reflection        |       |       |     6 |     7 |    20 ||    33

Table legend: (Time is in decaauts)
 A = Elapsed time spent in this place.
 B = Non-inter-level travel time spent in this place.
 C = Inter-level travel time spent in this place.
 D = Time resting spent in this place.
 E = Time spent auto-exploring this place.
 F = Levels seen in this place.
 G = Mean time per level.
                   A        B        C        D        E       F      G
               +--------+--------+--------+--------+--------+-----+--------+
         Total |  25464 |  24039 |   1425 |   5947 |  13735 |  16 | 1591.5 |
       Dungeon |  20827 |  19479 |   1348 |   4344 |  11482 |  13 | 1602.1 |
        Temple |    226 |    217 |      9 |      0 |    216 |   1 |  226.0 |
  Orcish Mines |   4409 |   4342 |     67 |   1602 |   2036 |   2 | 2204.5 |
               +--------+--------+--------+--------+--------+-----+--------+

Top non-repeatable levels by time:
    D:11: 3262 daAuts
    D:12: 2770 daAuts
   Orc:2: 2639 daAuts
    D:10: 2496 daAuts
    D:13: 1977 daAuts
   Orc:1: 1770 daAuts
     D:7: 1668 daAuts
     D:4: 1472 daAuts
     D:3: 1468 daAuts
     D:6: 1354 daAuts
     D:8: 1122 daAuts
     D:9: 981 daAuts
     D:5: 915 daAuts
     D:2: 694 daAuts
     D:1: 643 daAuts
